cohdb
Replays
Latest Replays
All Replays
Popular Replays
Top Player Replays
Match Explorer
How It Works
Community
CoH3 Stats
Reddit
Sign in to upload your games and track your stats! →
Sign in with Steam
Match 42938543
Unlisted
Match 42938543
Overview
Messages
Build Orders
End
Engineer Squad
Construct Barracks
Riflemen Squad
1⁄4-ton 4x4 Truck
Selects Heavy Weapons
Riflemen Squad
Infantry Support Center
Construct Weapon Support Center
Riflemen Squad
M1919 Machine Gun Team
Selects M2HB .50cal Heavy Machine Gun
Construct Tank Depot
Selects Assault Carriers
Selects Halftrack Strongpoints
M4A1 Sherman Medium Tank
Mortar Pit
Mortar Pit
Lord Hon
Charostrasz
valliskindgz
霍普
FANATiX
s_sssrh
Beluga
Sir.Emerson2
0
0
Comments
sign in to comment!
No comments posted yet!